 Dungeon Crawl Stone Soup version 0.26.1-12-g5ba1501909 (webtiles) character file.

Game seed: 10124484827279051878

7 lonewolfV2 the Magician (level 1, 0/14 HPs)
             Began as a Palentonga Hedge Wizard on Dec 6, 2021.
             Slain by a goblin
             ... wielding a cursed -3 dagger
              (2 damage)
             ... on level 1 of the Dungeon.
             The game lasted 00:00:17 (241 turns).

lonewolfV2 the Magician (Palentonga Hedge Wizard)    Turns: 241, Time: 00:00:19

Health: 0/14       AC:  4    Str: 13    XL:     1   Next: 83%
Magic:  4/4        EV: 10    Int: 14    God:
Gold:   0          SH:  0    Dex:  9    Spells: 5/6 levels left

rFire    . . .     SeeInvis +   a - +0 dagger
rCold    . . .     Faith    .   (no shield)
rNeg     . . .     Spirit   .   b - +0 robe
rPois    .         Reflect  .   c - +0 hat
rElec    .         Harm     .   (no cloak)
rCorr    .         Rampage  .   (no gloves)
Will     .....                  (no barding)
Stlth    +.........             (no amulet)
HPRegen  0.04/turn              (no ring)
MPRegen  0.09/turn              (no ring)

@: no status effects
A: large, rugged brown scales 3, see invisible, deformed body, roll 1, armoured
tail
a: Rolling Charge


You were on level 1 of the Dungeon.
You visited 1 branch of the dungeon, and saw 1 of its levels.

Inventory:

Hand Weapons
 a - a +0 dagger (weapon)
Armour
 b - a +0 robe (worn)
 c - a +0 hat (worn)
Scrolls
 d - a scroll of identify {unknown}


   Skills:
 + Level 1.6 Dodging
 + Level 1.2 Stealth
 + Level 3.0 Spellcasting
 + Level 0.8 Conjurations
 + Level 1.3 Summonings
 + Level 1.0 Translocations


You had 5 spell levels left.
You knew the following spells:

 Your Spells              Type           Power        Failure   Level
a - Magic Dart            Conj           16%          16%         1

Your spell library contained the following spells:

 Spells                   Type           Power        Failure   Level
 Call Imp                 Summ           5%           19%         2
 Blink                    Tloc           N/A          22%         2
 Slow                     Hex            2%           32%         2
 Conjure Flame            Conj/Fire      3%           47%         3
 Mephitic Cloud           Conj/Pois/Air  2%           50%         3


Dungeon Overview and Level Annotations

Branches:
Dungeon (1/15)

Altars:


Innate Abilities, Weirdness & Mutations

You are completely covered in rugged brown scales. (AC +3, +7% HP)
You have supernaturally acute eyesight. (SInv)
Armour fits poorly on your strangely shaped body.
You can roll at nearby foes to attack.
You have a long armoured tail.


Message History

The hobgoblin shouts!
You hear a shout!
The bat hits you but does no damage. The bat misses you.
The hobgoblin barely misses you.
The bat closely misses you. x2; The hobgoblin barely misses you.
You barely miss the hobgoblin.
Your tail-slap misses the hobgoblin.
The bat hits you but does no damage. The hobgoblin hits you.
A goblin comes into view. It is wielding a +0 dagger.
You closely miss the hobgoblin. The hobgoblin hits you.
The bat hits you but does no damage.
You hit the hobgoblin but do no damage. The bat hits you but does no damage.
The bat hits you. The hobgoblin closely misses you.
The hobgoblin hits you but does no damage.
The bat closely misses you. The goblin barely misses you.
You closely miss the hobgoblin. The bat closely misses you.
The hobgoblin hits you with a +0 club.
* * * LOW HITPOINT WARNING * * *
The hobgoblin hits you but does no damage.
The bat hits you but does no damage.
The goblin hits you with a cursed -3 dagger.
You die...

#.......# #.#$#...#
##.#.#...# .......#
#.#.... #....# #.ggb#
###..@# ###....g#
##.>.###..# ##....#
#...# . #..#.####.#g#
..######.............
....#......#####...!..
#.#......### ####.#.
#...##)#.#


You could see 2 hobgoblins, 2 goblins and a bat.

Vanquished Creatures
  An ooze (D:1)
  A hobgoblin (D:1)
  A bat (D:1)
3 creatures vanquished.

Vanquished Creatures (others)
  5 toadstools (D:1)
5 creatures vanquished.

Grand Total: 8 creatures vanquished

Notes
Turn   | Place    | Note
-------+----------+-------------------------------------------
     0 | D:1      | lonewolfV2 the Palentonga Hedge Wizard began the quest for
                  | the Orb.
     0 | D:1      | Reached XP level 1. HP: 14/14 MP: 4/4
    27 | D:1      | Reached skill level 1 in Summonings
   241 | D:1      | Slain by a goblin

Illustrated notes

Levels and vault maps discovered:
D:1:      ldierk_walled_garden, layout_rooms, item_on_display_a

Skill      XL: |  1 |
---------------+----+-----
Summonings     | 1 |  1.3
Dodging        | |  1.6
Stealth        | |  1.2
Spellcasting   | |  3.0
Conjurations   | |  0.8
Translocations | |  1.0

Action                   || total
-------------------------++-------
Melee: Dagger            ||    18
       Tailslap          ||     3
Armor: Robe              ||    11
Dodge: Dodged            ||    15
